 Dungeon Crawl Stone Soup version 0.17.0-28-g6e173f8 (webtiles) character file.

6877 baaltosaur the Cleaver (level 10, -2/90 HPs)
             Began as a Minotaur Fighter on Nov 27, 2015.
             Was a High Priest of Okawaru.
             Killed by drain life
             ... invoked by a soul eater
              (15 damage)
             ... on level 1 of the Abyss on Nov 28, 2015.
             The game lasted 00:54:47 (7643 turns).

baaltosaur the Cleaver (Minotaur Fighter)           Turns: 7643, Time: 00:54:48

Health: -2/90      AC: 15    Str: 25    XL:     10   Next: 78%
Magic:  9/9        EV:  7    Int:  5    God:    Okawaru [*****.]
Gold:   322        SH: 12    Dex: 11    Spells: 0 memorised, 9 levels left

rFire  . . .     SeeInvis +     d - +1 flail (holy)
rCold  + . .     Clarity  +     y - +1 chain mail {rC+}
rNeg   . . .     SustAt   .     c - +0 shield
rPois  .         Gourm    .     (helmet restricted)
rElec  .         Spirit   .     r - +0 cloak
rCorr  .         Warding  .     H - +0 pair of gloves
rMut   .         Stasis   .     (no boots)
MR     .....                    x - amulet of clarity
Stlth  ..........               m - ring of see invisible
                                J - +2 ring of strength

@: drained, not resistant to hostile enchantments, extremely unstealthy
A: retaliatory headbutt, horns 2
a: Heroism, Finesse, Renounce Religion


You were on level 1 of the Abyss.
You worshipped Okawaru.
Okawaru was extremely pleased with you.
You were not hungry.

You visited 2 branches of the dungeon, and saw 9 of its levels.
You visited the Abyss 1 time.

You collected 553 gold pieces.
You spent 231 gold pieces at shops.

Inventory:

Hand Weapons
 a - a +4 war axe
 d - a +1 flail of holy wrath (weapon)
Armour
 c - a +0 shield (worn)
 r - a +0 cloak (worn)
 y - a +1 chain mail of cold resistance (worn)
 H - a +0 pair of gloves (worn)
Jewellery
 i - an uncursed ring of fire
 m - a ring of see invisible (right hand)
 x - an amulet of clarity (around neck)
 J - a +2 ring of strength (left hand)
Wands
 z - a wand of slowing (8)
 A - a wand of cold (0)
 E - a wand of polymorph (13)
 G - a wand of paralysis (0)
Scrolls
 l - a scroll of enchant armour {unknown}
 n - a scroll of fear {unknown}
 o - a scroll of blinking {unknown}
 p - 4 scrolls of remove curse
 q - a scroll of fog {unknown}
 B - a scroll of amnesia {unknown}
 C - a scroll of teleportation {unknown}
 D - a scroll of magic mapping {unknown}
 L - a scroll of identify
Potions
 f - a potion of flight {unknown}
 g - a potion of mutation {unknown}
 j - a potion of cancellation {unknown}
 k - a potion of curing
 s - a potion of ambrosia {unknown}
 t - 2 potions of haste {unknown}
 v - a potion of agility
 w - a potion of brilliance
 F - a potion of magic {unknown}
Books
 K - a book of Envenomations

   Spells                             Type                      Level
   a - Spider Form                    Transmutation/Poison         3
   b - Alistair's Intoxication        Transmutation/Poison         4
   c - Olgreb's Toxic Radiance        Poison                       4
   d - Poisonous Cloud                Conjuration/Poison/Air       6
Comestibles
 b - a beef jerky
 e - 2 bread rations
 u - a fruit


   Skills:
 + Level 8.7(8.4) Fighting
 * Level 12.6(12.2) Axes
 + Level 9.1(8.8) Armour
 + Level 0.3(0.0) Stealth
 * Level 10.4(10.1) Shields
 + Level 0.8(0.5) Evocations


You had 9 spell levels left.
You didn't know any spells.

Dungeon Overview and Level Annotations

Branches:
Dungeon (8/15)             Temple (1/1) D:7
   Lair: D:8-11

Altars:
Ashenzari
Cheibriados
Elyvilon
Fedhas
Gozag
Kikubaaqudgha
Makhleb
Nemelex Xobeh
Okawaru
Qazlal
Ru
Sif Muna
Trog
Yredelemnul
Zin
The Shining One

Shops:
D:6 [   D:8 [


Innate Abilities, Weirdness & Mutations

You reflexively headbutt those who attack you in melee.
You have a pair of horns on your head.


Message History

The starcursed mass is severely damaged.
The soul eater barely misses you.
The starcursed mass shrieks in your mind.
* * * LOW HITPOINT WARNING * * *
It softly glows with a divine radiance!
d - a +1 flail of holy wrath (weapon)
You block the soul eater's attack.
A small abomination comes into view.
You feel better.
The starcursed mass shrieks in your mind.
The soul eater draws from the surrounding life force!
* * * LOW HITPOINT WARNING * * *
You barely miss the soul eater. The starcursed mass closely misses you.
The soul eater barely misses you. You furiously retaliate!
You headbutt the soul eater, but do no damage.
You closely miss the soul eater.
The starcursed mass shrieks in your mind.
* * * LOW HITPOINT WARNING * * *
The soul eater draws from the surrounding life force!
You die...

## ##X# #@#
##3# .. ...
#x### # .
..##...## #
# # ..##.#
##. ## #
...## # ##
# . . ###.#
. ##. .##.
.
#..#.#.##..
.###.
...##.. #.#
# # .#


You could see a starcursed mass, a soul eater and a small abomination.

Vanquished Creatures
  Pikel (D:7)
  An ugly thing (D:8)
  Joseph (D:8)
  2 hungry ghosts (D:8)
  Duvessa (D:4)
  A water moccasin (D:8)
  2 ice beasts
  5 ogres
  An orc warrior (D:7)
  3 centaurs
  5 sky beasts
  A big kobold (D:7)
  A gnoll sergeant (D:7)
  Blork the orc (D:6)
  7 giant frogs
  Dowan (D:4)
  12 killer bees
  A wyvern skeleton (D:8)
  3 wights (D:8)
  A giant frog zombie (D:5)
  5 crimson imps
  5 hounds
  Crazy Yiuf (D:2)
  4 orc priests
  Ijyb (D:2)
  2 gnoll shamans
  A giant frog skeleton (D:4)
  2 iguanas
  11 orc wizards
  2 quasits
  6 worker ants
  A hound zombie (D:7)
  A worker ant zombie (D:6)
  11 adders
  13 gnolls
  A shadow imp (D:6)
  3 oozes
  An adder skeleton (D:8)
  4 worms
  3 giant geckos
  26 orcs
  6 giant cockroaches
  7 goblins
  8 hobgoblins
  3 jackals (D:8)
  2 quokkas
  2 ball pythons
  8 bats
  2 giant newts
  11 kobolds
  9 rats
  5 fungi (D:2)
218 creatures vanquished.

Vanquished Creatures (others)
  A centaur (D:7)
  A slave (D:7)
  A goblin (D:1)
3 creatures vanquished.

Grand Total: 221 creatures vanquished

Notes
Turn   | Place    | Note
--------------------------------------------------------------
     0 | D:1      | baaltosaur the Minotaur Fighter began the quest for the Orb.
     0 | D:1      | Reached XP level 1. HP: 19/19 MP: 0/0
   128 | D:1      | Reached skill level 4 in Armour
   128 | D:1      | Reached XP level 2. HP: 20/27 MP: 1/1
   825 | D:1      | Reached XP level 3. HP: 33/33 MP: 2/2
  1445 | D:2      | Noticed Crazy Yiuf
  1449 | D:2      | Killed Crazy Yiuf
  1449 | D:2      | Reached XP level 4. HP: 40/40 MP: 3/3
  1558 | D:2      | Noticed Ijyb
  1566 | D:2      | Killed Ijyb
  1588 | D:2      | Reached skill level 5 in Shields
  1824 | D:3      | Reached XP level 5. HP: 28/47 MP: 4/4
  1998 | D:3      | Reached skill level 5 in Armour
  2457 | D:3      | Reached XP level 6. HP: 48/53 MP: 5/5
  2738 | D:3      | Reached skill level 5 in Axes
  2959 | D:4      | Found an iron altar of Okawaru.
  2960 | D:4      | Reached XP level 7. HP: 26/60 MP: 6/6
  2960 | D:4      | Reached skill level 6 in Armour
  3156 | D:4      | Became a worshipper of Warmaster Okawaru
  3193 | D:4      | Found an ancient bone altar of Kikubaaqudgha.
  3241 | D:4      | Noticed Duvessa
  3242 | D:4      | Noticed Dowan
  3250 | D:4      | Killed Duvessa
  3251 | D:4      | Killed Dowan
  3272 | D:4      | Reached skill level 5 in Fighting
  3707 | D:5      | Entered Level 5 of the Dungeon
  3740 | D:5      | Reached skill level 7 in Armour
  3756 | D:5      | Reached * piety under Okawaru
  3761 | D:5      | Reached XP level 8. HP: 68/68 MP: 7/7
  3789 | D:5      | Found a snail-covered altar of Cheibriados.
  4184 | D:5      | Reached skill level 8 in Axes
  4189 | D:5      | Reached ** piety under Okawaru
  4497 | D:6      | Reached skill level 9 in Axes
  4601 | D:6      | Found Fiottah's Armour Shoppe.
  4618 | D:6      | Bought a +1 chain mail of cold resistance for 231 gold pieces
  4709 | D:6      | Found a basalt altar of Yredelemnul.
  4756 | D:6      | Noticed Blork the orc
  4759 | D:6      | Killed Blork the orc
  4759 | D:6      | Reached XP level 9. HP: 75/78 MP: 8/8
  4989 | D:7      | Reached *** piety under Okawaru
  5133 | D:7      | Found a staircase to the Ecumenical Temple.
  5251 | D:7      | Reached skill level 10 in Axes
  5765 | D:7      | Noticed Pikel
  5772 | D:7      | Killed Pikel
  5772 | D:7      | Reached **** piety under Okawaru
  5772 | D:7      | Reached skill level 11 in Axes
  5961 | Temple   | Entered the Ecumenical Temple
  6402 | D:8      | Reached XP level 10. HP: 81/86 MP: 9/9
  6721 | D:8      | Noticed Joseph
  6725 | D:8      | Found Kiol's Antique Armour Shop.
  6736 | D:8      | Killed Joseph
  6976 | D:8      | Noticed a cyan ugly thing
  6988 | D:8      | Killed a cyan ugly thing
  6988 | D:8      | Reached ***** piety under Okawaru
  6988 | D:8      | Reached skill level 12 in Axes
  7509 | D:8      | Reached skill level 10 in Shields
  7541 | D:8      | Cast into the Abyss (a distortion unwield)
  7616 | Abyss:1  | Noticed a starcursed mass
  7623 | Abyss:1  | Noticed a soul eater
  7643 | Abyss:1  | Killed from afar by a soul eater

Action                   |  1- 3 |  4- 6 |  7- 9 | 10-12 || total
-------------------------+-------+-------+-------+-------++-------
Melee: War axe           |   103 |    91 |   232 |   111 ||   537
       Flail             |       |       |       |     2 ||     2
Evoke: Wand              |       |       |     3 |     2 ||     5
  Use: Scroll            |     4 |     5 |     3 |       ||    12
       Potion            |     2 |     2 |     3 |     4 ||    11
  Eat: Bread ration      |     1 |       |     3 |     1 ||     5
       Fruit             |       |     3 |       |       ||     3
       Meat ration       |       |       |       |     1 ||     1
       Beef jerky        |       |       |       |     1 ||     1
